 Dungeon Crawl Stone Soup version 0.24-a0-725-gf1a930fc54 (webtiles) character file.

Game seed: 16718259530766187338, levelgen mode: deterministic

126 Kohma the Insei (level 4, 31/31 HPs)
             Began as a Draconian Transmuter on Oct 1, 2019.
             Was an Initiate of Ru.
             Quit the game on level 3 of the Dungeon.
             The game lasted 00:07:42 (3225 turns).

Kohma the Insei (Draconian Transmuter)              Turns: 3225, Time: 00:07:42

Health: 31/31      AC:  5    Str: 12    XL:     4   Next: 84%
Magic:  8/8        EV: 12    Int: 14    God:    Ru [......]
Gold:   99         SH:  0    Dex: 12    Spells: 7/8 levels left

rFire    . . .     SeeInvis .     - Unarmed
rCold    . . .     Gourm    .   (no shield)
rNeg     . . .     Faith    .   (armour unavailable)
rPois    .         Spirit   .   (helmet restricted)
rElec    .         Reflect  .   h - scarf {cloud immunity}
rCorr    .         Harm     .   (no gloves)
MR       .....                  (no boots)
Stlth    +.........             (no amulet)
HPRegen  0.10/turn              (no ring)
MPRegen  0.11/turn              (no ring)

@: no status effects
A: unfitting armour, reduced essence, cold-blooded, AC +5
a: Renounce Religion


You were on level 3 of the Dungeon.
You worshipped Ru.
Ru was noncommittal.
You were hungry.

You visited 1 branch of the dungeon, and saw 3 of its levels.

You collected 99 gold pieces.

Inventory:

Hand Weapons
 l - a +0 hunting sling
Missiles
 a - 69 arrows
 e - 101 stones (quivered)
 s - 5 atropa-tipped darts
Armour
 h - a scarf of cloud immunity (worn)
Jewellery
 i - a cursed amulet of inaccuracy {unknown}
Wands
 r - a wand of polymorph (6)
Scrolls
 f - 2 scrolls of identify {unknown}
 j - a scroll of enchant weapon {unknown}
 m - 2 scrolls of teleportation {unknown}
 o - a scroll of amnesia {unknown}
 p - a scroll of enchant armour {unknown}
 q - 4 scrolls of fog {unknown}
Potions
 b - 2 potions of curing
 d - 2 potions of haste {unknown}
 k - a potion of experience {unknown}
 n - 2 potions of lignification {unknown}
Comestibles
 c - 5 rations


   Skills:
 - Level 1.1 Fighting
 - Level 1.7 Dodging
 * Level 4.4 Unarmed Combat
 + Level 2.9 Spellcasting
 + Level 3.0 Transmutations


You had 7 spell levels left.
You knew the following spells:

 Your Spells              Type           Power        Failure   Level  Hunger
a - Beastly Appendage     Tmut           ##....       6%          1    #......

Your spell library contained the following spells:

 Spells                   Type           Power        Failure   Level  Hunger
 Sticks to Snakes         Tmut           ##......     10%         2    ##.....
 Spider Form              Tmut/Pois      #.........   34%         3    ###....
 Ice Form                 Ice/Tmut       #.......     75%         4    #####..
 Blade Hands              Tmut           ##........   86%         5    ######.


Dungeon Overview and Level Annotations

Branches:
Dungeon (3/15)

Altars:
Hepliaklqana
Kikubaaqudgha
Makhleb
Qazlal
Ru
Trog


Innate Abilities, Weirdness & Mutations

Your plain brown scales are hard. (AC +5)
You cannot fit into any form of body armour.
You are cold-blooded and may be slowed by cold attacks.
Your life essence is reduced to manifest your ancestor. (-10% HP)


Message History

There is an open door here.
You swap places.
You swap places.
You open the door.
All of the chunks of flesh in your inventory have rotted away.
Done exploring.
Done exploring.
There is a stone staircase leading down here.
There is a dry fountain here.
You are feeling hungry.
There is an open door here.
There is a sacrificial altar of Ru here.
You kneel at the altar of Ru.
You have lost your religion!
Hepliaklqana does not appreciate desertion!
Tiberius returns to the mists of memory.
Ru welcomes you!
Quiver which item? (- for none, * to show all) (? for menu, Esc to quit)
Okay, then.
Are you sure you want to abandon this character and quit the game? (Confirm with "yes".)

)...#####....#...R............##.
#...###......#####............##.
#........#...........#....#......
#......######.....######.........
#........#..#.....#..#...........
.........#..#..#..#..#...........
............'..#..'..............
#..........#########.............
.....#......'..#@.'......########
.###.#...#..#..#..#..#...#
...#.##..#..#.....#..#...#
##.#.########.....######.#
##.#.....#...........#...#
...####......#####.......# ####
######## ###.....# #######


There were no monsters in sight!

Vanquished Creatures
  An orc wizard (D:3)
  5 adders
  An ooze (D:3)
  2 worms (D:3)
  2 leopard geckos
  An orc (D:3)
  5 bats
  4 giant cockroaches
  2 hobgoblins
  2 jackals (D:3)
  4 kobolds
  A quokka (D:2)
  4 frilled lizards
  3 goblins
  5 rats
42 creatures vanquished.

Vanquished Creatures (collateral kills)
  An orc (D:3)
  2 giant cockroaches
  A jackal (D:3)
  A kobold (D:2)
5 creatures vanquished.

Vanquished Creatures (others)
  An ancestor (D:3)
1 creature vanquished.

Grand Total: 48 creatures vanquished

Notes
Turn   | Place    | Note
-------+----------+-------------------------------------------
     0 | D:1      | Kohma the Draconian Transmuter began the quest for the Orb.
     0 | D:1      | Reached XP level 1. HP: 16/16 MP: 3/3
   372 | D:1      | Reached XP level 2. HP: 12/23 MP: 5/5
  1207 | D:2      | Reached XP level 3. HP: 10/28 MP: 4/6
  1464 | D:2      | Found a hazy altar of Hepliaklqana.
  1477 | D:2      | Reached skill level 4 in Unarmed Combat
  1485 | D:2      | Found a stormy altar of Qazlal.
  1669 | D:2      | Became a worshipper of Hepliaklqana the Forgotten
  1739 | D:2      | Found a burning altar of Makhleb.
  2321 | D:3      | Reached XP level 4. HP: 30/31 MP: 5/7
  2549 | D:3      | Found an ancient bone altar of Kikubaaqudgha.
  2696 | D:3      | Reached * piety under Hepliaklqana
  3010 | D:3      | Found a bloodstained altar of Trog.
  3086 | D:3      | Found a sacrificial altar of Ru.
  3224 | D:3      | Fell from the grace of Hepliaklqana
  3224 | D:3      | Became a worshipper of Ru the Awakened
  3225 | D:3      | Quit the game

Levels and vault maps discovered:
D:1:      psy_arrival_fountain, layout_basic
D:2:      layout_basic, gammafunk_temple_overflow_pools,
          nicolae_overflow_crystal_walls, first_ration
D:3:      layout_basic, marbit_many_paths, kiku_gazebo_pond_becter,
          hangedman_ru_absence

Skill      XL: |  1  2  3  4 |
---------------+-------------+-----
Unarmed Combat | 4 |  4.4
Transmutations | 3 |  3.0
Fighting       | |  1.1
Dodging        | |  1.7
Spellcasting   | |  2.9

Action                   |  1- 3 |  4- 6 || total
-------------------------+-------+-------++-------
Melee: Unarmed           |   130 |    53 ||   183
       Tailslap          |    14 |     3 ||    17
       Punch             |     2 |       ||     2
       Kick              |     9 |       ||     9
       Headbutt          |     2 |     3 ||     5
 Cast: Beastly Appendage |     8 |     4 ||    12
Invok: Ancestor Identity |     1 |       ||     1
  Use: Potion            |     1 |       ||     1
  Eat: Chunk             |     4 |     3 ||     7
Armor: Skin              |    62 |    20 ||    82
Dodge: Dodged            |   113 |    31 ||   144

Table legend:
 A = Non-vault XP
 B = Vault XP
 C = Vault XP percentage of total XP
 D = Non-vault monster count
 E = Vault monster count
 F = Vault count percentage of total count
                 A         B        C        D         E       F
            +---------+---------+-------+---------+---------+-------
      Total |     181 |       0 |   0.0 |      47 |       0 |   0.0
            +---------+---------+-------+---------+---------+-------
        D:1 |      13 |       0 |   0.0 |       9 |       0 |   0.0
        D:2 |      77 |       0 |   0.0 |      19 |       0 |   0.0
        D:3 |      91 |       0 |   0.0 |      19 |       0 |   0.0
            +---------+---------+-------+---------+---------+-------
